 Dungeon Crawl Stone Soup version 0.19.1 (webtiles) character file.

60 XO4YCPATb the Twirler (level 4, 0/49 HPs)
             Began as a Human Gladiator on Dec 20, 2016.
             Succumbed to a worker ant's poison
             ... on level 4 of the Dungeon.
             The game lasted 00:03:11 (1830 turns).

XO4YCPATb the Twirler (Human Gladiator)             Turns: 1830, Time: 00:03:12

Health: 0/49       AC: 22    Str: 15    XL:     4   Next: 25%
Magic:  4/4        EV:  2    Int: 15    God:
Gold:   135        SH:  0    Dex: 13    Spells: 0 memorised, 3 levels left

rFire  + . .     SeeInvis .     a - +0 quarterstaff
rCold  + . .     Gourm    .     (armour currently unavailable)
rNeg   + + +     Faith    .     (shield currently unavailable)
rPois  +         Spirit   .     (helmet currently unavailable)
rElec  +         Reflect  .     (cloak currently unavailable)
rCorr  +         Harm     .     (gloves currently unavailable)
MR     .....     NoTele   +     (boots currently unavailable)
Stlth  +.........               (no amulet)
                                (no ring)
                                (no ring)

@: brilliant, lethally poisoned (0 -> -3), tree-form (expiring), resistant, very
slightly contaminated, invisible
A: no striking features
a: no special abilities


You were on level 4 of the Dungeon.
You were not hungry.
You were a tree.
You visited 1 branch of the dungeon, and saw 4 of its levels.

You collected 135 gold pieces.

Inventory:

Hand Weapons
 a - a +0 quarterstaff (weapon)
Missiles
 d - 3 throwing nets (quivered)
 g - 21 bolts
 h - 102 stones
 k - 14 arrows
Armour
 b - a +0 leather armour (melded)
 c - a +0 helmet (melded)
Wands
 p - a wand of confusion (19/48)
Scrolls
 e - 3 scrolls of remove curse {unknown}
 i - 8 scrolls of identify {unknown}
 j - 2 scrolls of amnesia {unknown}
 m - a scroll of magic mapping {unknown}
 q - a scroll of fog {unknown}
 r - a scroll of recharging {unknown}
 u - a scroll of immolation {unknown}
Comestibles
 f - 2 bread rations
 l - a beef jerky
 s - a chunk of flesh


   Skills:
 - Level 2.0 Fighting
 * Level 4.8 Staves
 - Level 2.0 Throwing
 - Level 3.0 Dodging


You had 3 spell levels left.
You didn't know any spells.

Dungeon Overview and Level Annotations

Branches:
Dungeon (4/15)
 Temple: D:4-7

Altars:
Makhleb
Nemelex Xobeh
Qazlal
Sif Muna
Vehumet


Message History

You hit the worker ant.
The worker ant is almost dead.
* * * LOW HITPOINT WARNING * * *
You feel sick. The worker ant barely misses you.
You closely miss the worker ant.
The worker ant is almost dead.
Your transformation is almost over.
The worker ant bites you but does no damage.
Unknown command.
You catch the helpless worker ant completely off-guard!
You sock the worker ant!
You kill the worker ant!
You have reached level 4!
You feel clever.
* * * LOW HITPOINT WARNING * * *
You feel sick.
Unknown command.
* * * LOW HITPOINT WARNING * * *
You feel sick.
You die...

#.. ..... ..#.#
#.####.####.#.#
#.##.....##...#
#.#.......#...# ##
#.#.......#.#:a...#
#....._.....#....$#
######.#.......#.#.....#
#....#.#.(.....#.#.....#
.......##.....##♣†.......
#....#.####.####...$...##
#....#........ ..#.#####
########....##.###.#
....##.# .# ##.## . # .


There were no monsters in sight!

Vanquished Creatures
  A worker ant (D:4)
  A dart slug (D:1)
  4 orcs
  3 ball pythons
  2 giant cockroaches
  4 goblins (D:1)
  4 hobgoblins (D:2)
  2 bats (D:1)
  A frilled lizard (D:1)
  2 kobolds
  4 rats
28 creatures vanquished.

Notes
Turn   | Place    | Note
-------+----------+-------------------------------------------
     0 | D:1      | XO4YCPATb the Human Gladiator began the quest for the Orb.
     0 | D:1      | Reached XP level 1. HP: 16/16 MP: 1/1
   364 | D:1      | Reached XP level 2. HP: 17/22 MP: 2/2
   875 | D:2      | Found a deep blue altar of Sif Muna.
  1002 | D:2      | Found a stormy altar of Qazlal.
  1073 | D:2      | Found a radiant altar of Vehumet.
  1097 | D:2      | Reached skill level 4 in Staves
  1097 | D:2      | Reached XP level 3. HP: 26/27 MP: 3/3
  1488 | D:3      | HP: 2/40 [poisoned by a kobold]
  1494 | D:3      | HP: 2/40 [poisoned by a kobold]
  1764 | D:4      | Found a sparkling altar of Nemelex Xobeh.
  1776 | D:4      | Found a burning altar of Makhleb.
  1823 | D:4      | HP: 2/40 [poisoned by a worker ant]
  1826 | D:4      | Reached XP level 4. HP: 2/33 MP: 4/4
  1828 | D:4      | HP: 1/49 [poisoned by a worker ant]
  1830 | D:4      | Succumbed to a worker ant's poison

Skill      XL: |  1  2 |
---------------+-------+-----
Staves         | 4 |  4.8
Fighting       | |  2.0
Throwing       | |  2.0
Dodging        | |  3.0

Action                   |  1- 3 |  4- 6 || total
-------------------------+-------+-------++-------
Melee: Quarterstaff      |   101 |       ||   101
  Use: Potion            |     5 |       ||     5
 Stab: Invisible         |     2 |       ||     2
  Eat: Chunk             |     3 |       ||     3
Armor: Leather armour    |    25 |       ||    25
       Skin              |     6 |       ||     6
Dodge: Dodged            |    74 |       ||    74
